 Dungeon Crawl Stone Soup version 0.25-a0-875-geaba134f46 (webtiles) character file.

Game seed: 11213317545095872335, levelgen mode: classic

104 EnegeticOcto the Skirmisher (level 4, 0/33 HPs)
             Began as an Octopode Fighter on May 1, 2020.
             Was an Initiate of Okawaru.
             Slain by an orc (3 damage)
             ... on level 3 of the Dungeon.
             The game lasted 00:01:20 (2746 turns).

EnegeticOcto the Skirmisher (Octopode Fighter)      Turns: 2746, Time: 00:01:21

Health: 0/33       AC:  1    Str: 15    XL:     4   Next: 80%
Magic:  4/4        EV: 12    Int: 10    God:    Okawaru [......]
Gold:   159        SH:  9    Dex: 12    Spells: 3/3 levels left

rFire    . . .     SeeInvis .   a - +0 rapier
rCold    . . .     Gourm    .   b - +0 kite shield
rNeg     . . .     Faith    .   (helmet restricted)
rPois    .         Spirit   .   (no amulet)
rElec    .         Reflect  .   (no ring)
rCorr    .         Harm     .   (no ring)
MR       .....                  (no ring)
Stlth    ++........             (no ring)
HPRegen  0.11/turn              (no ring)
MPRegen  0.09/turn              (no ring)
                                (no ring)
                                (no ring)

@: brilliant, lethally poisoned (0 -> -1)
A: almost no armour, stealthy swim, amphibious, 8 rings, constrict 8, camouflage
1, gelatinous body 1
a: Renounce Religion


You were on level 3 of the Dungeon.
You worshipped Okawaru.
Okawaru was noncommittal.
You were not hungry.

You visited 1 branch of the dungeon, and saw 3 of its levels.

You collected 159 gold pieces.

Inventory:

Hand Weapons
 a - a +0 rapier (weapon)
Missiles
 j - 5 datura-tipped darts (quivered)
Armour
 b - a +0 kite shield (worn)
Jewellery
 c - a +6 ring of strength {unknown}
Scrolls
 d - a scroll of amnesia {unknown}
 f - a scroll of blinking {unknown}
 i - 2 scrolls of magic mapping {unknown}
 l - 3 scrolls of identify {unknown}
 o - a scroll of enchant weapon {unknown}
 p - a scroll of remove curse {unknown}
 q - 2 scrolls of noise {unknown}
 r - a scroll of fog {unknown}
 t - a scroll of random uselessness {unknown}
Potions
 g - a potion of lignification {unknown}
 h - a potion of resistance {unknown}
 k - 2 potions of might {@q3}
 m - a potion of curing {unknown}
 s - a potion of brilliance
Comestibles
 e - 9 rations
 n - 7 chunks of flesh


   Skills:
 * Level 4.1 Fighting
 - Level 2.5 Short Blades
 + Level 3.5 Dodging
 + Level 3.5 Shields
 + Level 1.0 Invocations


You had 3 spell levels left.
You didn't know any spells.
Your spell library was empty.

Dungeon Overview and Level Annotations

Branches:
Dungeon (3/15)

Altars:
Okawaru


Innate Abilities, Weirdness & Mutations

You cannot wear most types of armour.
You are very stealthy in the water. (Stealth+)
You are amphibious.
You can wear up to eight rings at the same time.
You can use your tentacles to constrict eight enemies at once.
Your skin changes colour to match your surroundings (Stealth+).
Your rubbery body absorbs attacks. (AC +1, EV +1)


Message History

No target in view!
No target in view!
Found a scroll labeled BEGGYNI CALUJ.
A worm is nearby!
A worm is nearby!
A worm is nearby!
A worm is nearby!
The worm barely misses you.
You puncture the worm! You grab the worm.
The worm is severely wounded.
You constrict the worm. You block the worm's attack.
You hit the worm.
The worm is severely wounded.
You constrict the worm. You hit the worm.
You kill the worm!
Okawaru accepts your kill.
Your Invocations skill increases to level 1!
No target in view!
No target in view!
No target in view!
No target in view!
No target in view!
You butcher the worm corpse.
n - 7 chunks of flesh (gained 3)
i - 2 scrolls labeled BEGGYNI CALUJ (gained 1)
Found a spear.
Found a plate armour.
e - 8 rations (gained 1)
r - a scroll labeled YSUTIEMERU
s - 2 amethyst potions No target in view!
No target in view!
No target in view!
No target in view!
No target in view!
No target in view!
No target in view!
No target in view!
No target in view!
No target in view!
l - 2 scrolls labeled WAEPSUA EMUO (gained 1)
l - 3 scrolls labeled WAEPSUA EMUO (gained 1)
Found a leather armour.
Found a stone staircase leading up.
You now have 159 gold pieces (gained 11).
e - 9 rations (gained 1)
An ooze comes into view.
The ooze moves out of view.
t - a scroll labeled BIMELA ZUTOLEM An orc comes into view.
It is wielding a +0 falchion.
An orc is nearby!
An orc is nearby!
An adder, an orc and an orc priest come into view.
The ooze quivers.
Found a ration.
An orc comes into view.
The orc priest shouts!
The orc shouts! x2; The adder hisses angrily.
You hit the adder. Your grab misses the adder.
The adder is lightly wounded.
You block the adder's attack.
The orc priest mumbles some strange prayers to Beogh against you.
Beogh smites you!
You hit the adder. Your grab misses the adder.
The adder is moderately wounded.
You block the adder's attack. x2
You miss the adder. Your grab misses the adder.
The adder is moderately wounded.
The adder bites you.
You are poisoned.
The adder poisons you! You block the orc's attack.
You closely miss the adder. Your grab misses the adder.
The adder is moderately wounded.
You feel sick. The adder closely misses you. The ooze hits you.
You block the orc's attack. You block the adder's attack.
The orc hits you with a cursed -1 short sword.
You are too injured to fight recklessly!
You are too injured to fight recklessly!
You are too injured to fight recklessly!
There are monsters nearby!
There are monsters nearby!
There are monsters nearby!
There are monsters nearby!
You are too injured to fight recklessly!
You barely miss the orc. Your grab misses the orc. Your squeeze misses the orc.
The adder closely misses you. The ooze hits you. The orc closely misses you.
You barely miss the orc. Your grab misses the orc.
You block the adder's attack. The orc hits you.
* * * LOW HITPOINT WARNING * * *
You block the ooze's attack.
The orc hits you with a cursed -1 short sword.
* * * LOW HITPOINT WARNING * * *
The orc hits you with a +0 falchion.
* * * LOW HITPOINT WARNING * * *
You block the adder's attack.
It was a potion of brilliance.
You feel clever all of a sudden.
You feel sick. The orc hits you.
You die...

####### ##......#
##........ # #.........
# #......... #
#.oS...... # #o@o......
# ###.Jo...... #
##########........... #
#..#..#....#......... #
##.......####.........
###.......## ..%.......
....#..##.# ##..........
####...##.#.............
..............##.......


You could see an orc priest, an ooze, an adder and 3 orcs.

Vanquished Creatures
  4 adders
  A gnoll (D:1)
  3 worms
  2 dart slugs
  2 leopard geckos
  7 bats
  3 giant cockroaches
  8 goblins
  3 hobgoblins
  2 jackals (D:1)
  3 frilled lizards
  6 kobolds
  3 rats (D:2)
47 creatures vanquished.

Vanquished Creatures (others)
  A giant cockroach (D:1)
  A frilled lizard (D:1)
2 creatures vanquished.

Grand Total: 49 creatures vanquished

Notes
Turn   | Place    | Note
-------+----------+-------------------------------------------
     0 | D:1      | EnegeticOcto the Octopode Fighter began the quest for the
                  | Orb.
     0 | D:1      | Reached XP level 1. HP: 16/16 MP: 1/1
   185 | D:1      | Reached XP level 2. HP: 20/21 MP: 2/2
   421 | D:1      | Reached XP level 3. HP: 3/26 MP: 3/3
   876 | D:1      | You fall into a shaft and drop 1 floor!
   876 | D:2      | Found an iron altar of Okawaru.
   891 | D:2      | Became a worshipper of Warmaster Okawaru
  1254 | D:2      | Reached XP level 4. HP: 27/33 MP: 4/4
  1724 | D:2      | Reached skill level 4 in Fighting
  2193 | D:1      | You fall into a shaft and drop 1 floor!
  2667 | D:3      | Reached skill level 1 in Invocations
  2746 | D:3      | Slain by an orc

Levels and vault maps discovered:
D:1:      ncdulo_smallfort, layout_loops_corners, lemuel_flame_loot_1
D:2:      layout_basic, okawaru_metal_pillars_1_2, minmay_misc_feat_encased
D:3:      layout_rooms

Skill      XL: |  1  2  3  4 |
---------------+-------------+-----
Fighting       | 4 |  4.1
Invocations    | 1 |  1.0
Short Blades   | |  2.5
Dodging        | |  3.5
Shields        | |  3.5

Action                   |  1- 3 |  4- 6 || total
-------------------------+-------+-------++-------
Melee: Rapier            |    47 |    42 ||    89
       Constrict         |    16 |    10 ||    26
       Tentacles         |     7 |    10 ||    17
  Use: Potion            |       |     1 ||     1
 Stab: Sleeping          |     2 |     7 ||     9
  Eat: Chunk             |     1 |     2 ||     3
       Ration            |       |     1 ||     1
Armor: Skin              |     3 |       ||     3
Dodge: Dodged            |    27 |    12 ||    39
Block: Kite shield       |    28 |    16 ||    44

Table legend:
 A = Non-vault XP
 B = Vault XP
 C = Vault XP percentage of total XP
 D = Non-vault monster count
 E = Vault monster count
 F = Vault count percentage of total count
                 A         B        C        D         E       F
            +---------+---------+-------+---------+---------+-------
      Total |     149 |       0 |   0.0 |      47 |       0 |   0.0
            +---------+---------+-------+---------+---------+-------
        D:1 |      45 |       0 |   0.0 |      18 |       0 |   0.0
        D:2 |      76 |       0 |   0.0 |      23 |       0 |   0.0
        D:3 |      28 |       0 |   0.0 |       6 |       0 |   0.0
            +---------+---------+-------+---------+---------+-------
